 Dungeon Crawl Stone Soup version 0.29-a0-459-g97dee8cd24 (webtiles) character file.

Game seed: 15565935407135730122

244 sammy202020 the Skirmisher (level 5, -14/64 HPs)
             Began as a Demonspawn Berserker on May 19, 2022.
             Was a Believer of Trog.
             Demolished by an orc warrior
             ... wielding a +0 battleaxe
              (17 damage)
             ... on level 4 of the Dungeon on May 20, 2022.
             The game lasted 00:04:30 (2963 turns).

sammy202020 the Skirmisher (Demonspawn Berserker)   Turns: 2963, Time: 00:04:31

Health: -14/64     AC:  6    Str: 18    XL:     5   Next: 83%
Magic:  5/5        EV: 12    Int: 10    God:    Trog [**....]
Gold:   58         SH:  0    Dex: 12    Spells: 4/4 levels left

rFire   . . .      SeeInvis .   j - +0 war axe
rCold   . . .      Faith    .   (no shield)
rNeg    . . .      Spirit   .   n - +0 troll leather armour {Pargi}
rPois   .          Reflect  .   (no helmet)
rElec   .          Harm     .   (no cloak)
rCorr   .          Rampage  .   (no gloves)
Will    .....                   (no boots)
Stlth   ..........              (no amulet)
HPRegen 1.00/turn               (no ring)
MPRegen 0.09/turn               (no ring)

@: berserking, very quick
A: thin metallic scales 1, demonic guardian 1
a: Renounce Religion, Berserk, Trog's Hand


You were on level 4 of the Dungeon.
You worshipped Trog.
Trog was pleased with you.
You visited 1 branch of the dungeon, and saw 4 of its levels.

You collected 58 gold pieces.

Inventory:

Hand Weapons
 a - a +0 hand axe
 j - a +0 war axe (weapon)
 k - a +0 mace
Armour
 e - a +0 chain mail
 n - a +0 troll leather armour (worn) {Pargi}
Jewellery
 b - a ring of willpower
Scrolls
 d - 5 scrolls of identify {unknown}
 i - 2 scrolls of vulnerability {unknown}
 l - a scroll of fog {unknown}
 m - a scroll of enchant weapon {unknown}
 q - a scroll of teleportation
Potions
 c - a potion of might {unknown}
 f - a potion of degeneration {unknown}
 g - 2 potions of flight {unknown}
 h - 2 potions of brilliance {unknown}
 o - 2 potions of curing {unknown}
 p - a potion of lignification {unknown}


   Skills:
 * Level 4.4 Fighting
 * Level 4.1 Axes
 + Level 2.8 Armour
 + Level 2.7 Dodging


You had 4 spell levels left.
You didn't know any spells.
Your spell library was empty.

Dungeon Overview and Level Annotations

Branches:
Dungeon (4/15)
 Temple: D:4-7

Altars:
Qazlal


Innate Abilities, Weirdness & Mutations

You are partially covered in thin metallic scales. (AC +2)
A weak demonic guardian rushes to your aid.


Message History

You barely miss the orc priest.
The orc priest is moderately wounded.
You hit the orc warrior but do no damage.
You closely miss the orc priest.
The orc priest hits you but does no damage.
The orc priest barely misses you.
The orc warrior hits you with a +0 battleaxe!
A red film seems to cover your vision as you go berserk!
You feel yourself moving faster!
You feel mighty!
The orc priest calls upon Beogh to heal the orc warrior.
The orc warrior's wounds heal themselves!
The orc priest calls down the wrath of Beogh upon you.
Beogh smites you!
* * * LOW HITPOINT WARNING * * *
The orc warrior barely misses you.
You completely miss the orc warrior. You slash the orc priest!
You hit the orc priest. The orc priest closely misses you.
The orc priest calls down the wrath of Beogh upon you.
Pain shoots through your body!
* * * LOW HITPOINT WARNING * * *
The orc warrior hits you with a +0 battleaxe!
* * * LOW HITPOINT WARNING * * *
A demonic guardian appears!
You slash the orc priest!
You kill the orc priest!
Trog accepts your kill.
You hit the orc priest but do no damage.
You closely miss the orc warrior.
The orc priest hits you but does no damage.
The orc warrior closely misses you.
You slice the orc warrior!!
The orc warrior is severely wounded.
You hit the orc priest.
The orc priest hits you with a +0 mace of protection.
* * * LOW HITPOINT WARNING * * *
Your iron imp hits the orc priest.
The orc priest dies!
Trog accepts your kill.
The orc warrior hits you with a +0 battleaxe!
You die...

....#............
....##..........####
....#..#.........#.# .
.:...†#<##.........# ..
#........#......##.##...
#.............#.#.......
##............##........
#..........!.#..)......
#.............5@o......
#..............).......
#....####.####..#.#####
##...# ..... #....#
##..#.......#....#
#..#.......#....#
#..#..._...^....# #..#.#


You could see an orc warrior and a friendly iron imp (summoned).

Vanquished Creatures
  Pargi (D:3)
  An orc priest (D:4)
  Jessica (D:3)
  An adder (D:2)
  3 worms
  2 dart slugs (D:1)
  An orc (D:4)
  6 endoplasms
  2 giant cockroaches (D:1)
  6 goblins
  7 hobgoblins
  7 jackals (D:1)
  2 quokkas
  8 ball pythons
  5 bats
  3 frilled lizards
  6 kobolds
  2 rats
64 creatures vanquished.

Vanquished Creatures (collateral kills)
  An orc priest (D:4)
1 creature vanquished.

Grand Total: 65 creatures vanquished

Notes
Turn   | Place    | Note
-------+----------+-------------------------------------------
     0 | D:1      | sammy202020 the Demonspawn Berserker began the quest for
                  | the Orb.
     0 | D:1      | Reached XP level 1. HP: 18/18 MP: 1/1
     0 | D:1      | Upgraded the game from 0.29-a0-451-gfbfa42419e to
                  | 0.29-a0-459-g97dee8cd24
   303 | D:1      | Gained mutation: You are partially covered in thin metallic
                  | scales. (AC +2) [demonic ancestry]
   303 | D:1      | Reached XP level 2. HP: 16/24 MP: 2/2
  1040 | D:1      | Reached XP level 3. HP: 28/29 MP: 3/3
  1101 | D:1      | Found a faded altar of an unknown god.
  1234 | D:1      | Reached ** piety under Trog
  2221 | D:2      | Reached XP level 4. HP: 37/37 MP: 4/4
  2411 | D:3      | Noticed Jessica
  2415 | D:3      | Killed Jessica
  2625 | D:3      | Noticed Pargi
  2647 | D:3      | Killed Pargi
  2648 | D:3      | Gained mutation: A weak demonic guardian rushes to your
                  | aid. [demonic ancestry]
  2648 | D:3      | Reached XP level 5. HP: 42/42 MP: 5/5
  2946 | D:4      | Found a stormy altar of Qazlal.
  2953 | D:4      | Noticed an orc warrior
  2963 | D:4      | HP: 3/64 [orc priest/+0 mace of protection (3)]
  2963 | D:4      | Demolished by an orc warrior

Illustrated notes

Levels and vault maps discovered:
D:1:      dpeg_arrival_renting, layout_loops_corners,
          ebering_ecumenical_altar_webs, chequers_serial_rivers_marsh,
          hangedman_decor_clover_reticule
D:2:      layout_loops_ring
D:3:      layout_basic, nicolae_figureground_sparkle, uniq_pargi, uniq_jessica
D:4:      layout_cave_pools, lemuel_tele_altar, ebering_ghost_disaster_area

Skill      XL: |  1  2  3  4 |
---------------+-------------+-----
Armour         | 2 |  2.8
Axes           | 3 4 |  4.1
Dodging        | 2 |  2.7
Fighting       | 4 |  4.4

Action                   |  1- 3 |  4- 6 || total
-------------------------+-------+-------++-------
Melee: Hand axe          |   135 |       ||   135
       Punch             |     2 |       ||     2
       War axe           |       |    60 ||    60
Invok: Berserk           |       |     2 ||     2
       Trog's Hand       |       |     1 ||     1
  Use: Scroll            |     3 |       ||     3
 Stab: Sleeping          |     1 |       ||     1
Armor: Animal skin       |     3 |       ||     3
       Chain mail        |    67 |    32 ||    99
       Troll leather arm |       |     5 ||     5
Dodge: Dodged            |    77 |    42 ||   119

Table legend: (Time is in decaauts)
 A = Elapsed time spent in this place.
 B = Non-inter-level travel time spent in this place.
 C = Inter-level travel time spent in this place.
 D = Time resting spent in this place.
 E = Time spent auto-exploring this place.
 F = Levels seen in this place.
 G = Mean time per level.
                   A        B        C        D        E       F      G
               +--------+--------+--------+--------+--------+-----+--------+
         Total |   3011 |   2917 |     94 |      0 |   2344 |   4 |  752.8 |
       Dungeon |   3011 |   2917 |     94 |      0 |   2344 |   4 |  752.8 |
               +--------+--------+--------+--------+--------+-----+--------+

Top non-repeatable levels by time:
     D:1: 1419 daAuts
     D:2: 904 daAuts
     D:3: 648 daAuts
     D:4: 40 daAuts
